 Dungeon Crawl Stone Soup version 0.29.0-4-gdea44cf6ec (webtiles) character file.

Game seed: 1786229118132317523

585 qw the Chopper (level 7, -5/54 HPs)
             Began as a Demonspawn Cinder Acolyte on Sept 9, 2022.
             Was a Believer of Ignis.
             Killed from afar by Dowan (19 damage)
             ... with a bolt of light
             ... on level 4 of the Dungeon.
             The game lasted 00:02:09 (6651 turns).

qw the Chopper (Demonspawn Cinder Acolyte)          Turns: 6651, Time: 00:02:10

Health: -5/54      AC:  9    Str: 17    XL:     7   Next: 15%
Magic:  8/8        EV:  7    Int: 15    God:    Ignis [**....]
Gold:   221        SH:  0    Dex:  8    Spells: 8/8 levels left

rFire   + . .      SeeInvis .   Y - +3 war axe
rCold   . . .      Faith    .   (no shield)
rNeg    . . .      Spirit   .   l - +0 chain mail
rPois   .          Reflect  .   (no helmet)
rElec   .          Harm     .   (no cloak)
rCorr   .          Rampage  .   (no gloves)
Will    .....                   (no boots)
Stlth   ..........              (no amulet)
HPRegen 0.18/turn               (no ring)
MPRegen 0.11/turn               (no ring)

@: no status effects
A: demonic guardian 1, powered by pain 1, demonic touch 1
a: Renounce Religion, Fiery Armour, Foxfire Swarm, Rising Flame


You were on level 4 of the Dungeon.
You worshipped Ignis.
Ignis was pleased with you.
You visited 1 branch of the dungeon, and saw 4 of its levels.

You collected 249 gold pieces.
You spent 28 gold pieces at shops.


Innate Abilities, Weirdness & Mutations

A weak demonic guardian rushes to your aid.
You sometimes gain a little power by taking damage.
Your touch may inflict minor irresistible damage on your foes.


   Skills:
 - Level 4.2 Fighting
 + Level 6.0 Axes
 - Level 3.1 Armour
 - Level 1.0 Dodging
 - Level 1.0 Spellcasting
 - Level 2.6 Fire Magic


You had 8 spell levels left.
You didn't know any spells.
Your spell library contained the following spells:

 Spells                   Type           Power      Damage    Failure   Level
 Scorch                   Fire           16%        2d6       88%         2

Inventory:

Hand Weapons
 a - a -1 hand axe of flaming
 Y - a +3 war axe (weapon)
Missiles
 g - 2 boomerangs (quivered)
Armour
 l - a +0 chain mail (worn)
Scrolls
 d - a scroll of identify
Potions
 e - a potion of heal wounds
 f - a potion of haste

Dungeon Overview and Level Annotations

Branches:
Dungeon (4/15)
 Temple: D:4-7

Altars:
Makhleb
Xom

Shops:
D:1 ?

Annotations:
D:4 Dowan


Message History

Done exploring.
(D) Dungeon
Where to? (* - list waypoints, Enter - D:4, ? - help)
What level of the Dungeon? (default 1, ? - help)
You climb downwards.
Level annotation: Dowan
There is a stone staircase leading up here.
Dowan is nearby!
Dowan seems to find hidden reserves of power!
Dowan breathes, "And she was my only..."
Dowan mumbles some strange words.
Dowan blinks!
Dowan zaps a wand.
The bolt of light hits you!
You barely miss Dowan. Dowan casts a spell at you. The shard of ice hits you!
Dowan gestures wildly while chanting.
Dowan blinks!
Dowan hits you with a +0 dagger.
You miss Dowan. Dowan hits you with a +0 dagger.
Dowan gestures wildly while chanting.
Dowan blinks!
Dowan hits you with a +0 dagger.
You barely miss Dowan. Dowan barely misses you.
You slash Dowan! Your touch misses Dowan.
Dowan is moderately wounded.
Dowan hits you but does no damage. x2
You barely miss Dowan.
Dowan is moderately wounded.
Dowan hits you but does no damage. Dowan barely misses you.
You hit Dowan. You punch Dowan.
Dowan is severely wounded.
Dowan barely misses you.
Dowan zaps a wand.
The bolt of light hits you!
You are confused.
A demonic guardian appears!
You feel less confused.
Dowan zaps a wand.
The bolt of light hits you!!
You die...

### # ..# # #.#
########## #.#
#.......## ##5##
#<#####.#. ##.e@## #.#
#... #.###.######.###
###.
#.....$.##...<.......#
##
e.#####.#...######.#.#
# ###+###......#.# #
#.######.# # ###
#.###### ###.......
#.........


You could see Dowan (fast, ally target) and a friendly shadow imp (summoned).

Vanquished Creatures
  Sigmund (D:4)
  Duvessa (D:4)
  A howler monkey (D:4)
  An orc priest (D:2)
  2 orc wizards
  2 gnolls (D:3)
  9 adders
  2 worms
  3 dart slugs
  12 orcs
  6 ball pythons
  4 bats
  10 endoplasms
  7 giant cockroaches
  5 goblins
  11 hobgoblins
  3 jackals
  3 kobolds
  7 quokkas
  6 frilled lizards
  6 rats
102 creatures vanquished.

Notes
Turn   | Place    | Note
-------+----------+-------------------------------------------
     0 | D:1      | qw the Demonspawn Cinder Acolyte began the quest for the
                  | Orb.
     0 | D:1      | Reached XP level 1. HP: 18/18 MP: 2/2
     0 | D:1      | 0 ||| qw: Version: 0.1-a-113-g051387a
     0 | D:1      | 0 ||| qw: Game counter: 7013
     0 | D:1      | 0 ||| qw: Always use a shield: true
     0 | D:1      | 0 ||| qw: God list: Okawaru
     0 | D:1      | 0 ||| qw: Allow faded altars: false
     0 | D:1      | 0 ||| qw: Do Orc after D:15 true
     0 | D:1      | 0 ||| qw: Do second Lair branch before Depths: true
     0 | D:1      | 0 ||| qw: Lair rune preference: random
     0 | D:1      | 0 ||| qw: Plans: Normal
     0 | D:1      | 0 ||| PLANNING D:1-11
   198 | D:1      | Reached skill level 3 in Axes
   302 | D:1      | Gained mutation: You sometimes gain a little power by
                  | taking damage. [demonic ancestry]
   302 | D:1      | Reached XP level 2. HP: 20/24 MP: 3/3
   618 | D:1      | Found Rihyn's Magic Scroll Boutique.
   624 | D:1      | 624 ||| SHOPLISTING scroll of enchant weapon (105 gold,
                  | have 37).
   624 | D:1      | 624 ||| BUYING scroll of identify (28 gold).
   624 | D:1      | Bought a scroll of identify for 28 gold pieces
   624 | D:1      | 624 ||| SHOPLISTING scroll of identify (28 gold, have 9).
   624 | D:1      | 624 ||| SHOPLISTING scroll of teleportation (42 gold, have
                  | 9).
  1355 | D:1      | 1355 ||| READING scroll labelled XIQAUNAIFA.
  1358 | D:1      | 1358 ||| DRINKING 2 black potions.
  1359 | D:1      | 1359 ||| DROPPING potion of attraction.
  1454 | D:2      | 1454 ||| Stepping ~*~*~tactically~*~*~ (stealth).
  1455 | D:2      | 1455 ||| Stepping ~*~*~tactically~*~*~ (stealth).
  1456 | D:2      | 1456 ||| Stepping ~*~*~tactically~*~*~ (stealth).
  1461 | D:2      | 1461 ||| Stepping ~*~*~tactically~*~*~ (stealth).
  1462 | D:2      | 1462 ||| Stepping ~*~*~tactically~*~*~ (stealth).
  1492 | D:2      | 1492 ||| Stepping ~*~*~tactically~*~*~ (stealth).
  1496 | D:2      | 1496 ||| Stepping ~*~*~tactically~*~*~ (stealth).
  1503 | D:2      | 1503 ||| Stepping ~*~*~tactically~*~*~ (stealth).
  1509 | D:2      | 1509 ||| Stepping ~*~*~tactically~*~*~ (stealth).
  1510 | D:2      | 1510 ||| Stepping ~*~*~tactically~*~*~ (stealth).
  1557 | D:2      | 1557 ||| FLEEEEING.
  1558 | D:2      | 1558 ||| FLEEEEING.
  1559 | D:2      | 1559 ||| FLEEEEING.
  1560 | D:2      | 1560 ||| FLEEEEING.
  1561 | D:2      | 1561 ||| FLEEEEING.
  1562 | D:2      | 1562 ||| FLEEEEING.
  1564 | D:2      | 1564 ||| FLEEEEING.
  1565 | D:2      | 1565 ||| FLEEEEING.
  1566 | D:2      | 1566 ||| FLEEEEING.
  1567 | D:2      | 1567 ||| FLEEEEING.
  1568 | D:2      | 1568 ||| FLEEEEING.
  1569 | D:2      | 1569 ||| FLEEEEING.
  1570 | D:2      | 1570 ||| FLEEEEING.
  1572 | D:2      | 1572 ||| FLEEEEING.
  1575 | D:2      | 1575 ||| FLEEEEING.
  1577 | D:2      | 1577 ||| FLEEEEING.
  1578 | D:2      | 1578 ||| FLEEEEING.
  1579 | D:2      | 1579 ||| FLEEEEING.
  1580 | D:2      | 1580 ||| FLEEEEING.
  1581 | D:2      | 1581 ||| FLEEEEING.
  1583 | D:2      | 1583 ||| STAIRDANCE
  1634 | D:2      | Reached XP level 3. HP: 29/29 MP: 4/4
  1727 | D:2      | Reached skill level 4 in Axes
  1732 | D:2      | 1732 ||| FLEEEEING.
  1733 | D:2      | 1733 ||| FLEEEEING.
  1734 | D:2      | 1734 ||| FLEEEEING.
  1864 | D:2      | Reached skill level 1 in Dodging
  2050 | D:2      | 2050 ||| SWAPPING to +0 war axe.
  2061 | D:2      | 2061 ||| INVOKING Fiery Armour.
  2412 | D:2      | 2412 ||| READING scroll labelled YLUPET HOBOUZ.
  2413 | D:2      | 2413 ||| Stepping randomly (stuck).
  2414 | D:2      | 2414 ||| Stepping randomly (stuck).
  2415 | D:2      | 2415 ||| Stepping randomly (stuck).
  2416 | D:2      | 2416 ||| Stepping randomly (stuck).
  2417 | D:2      | 2417 ||| Stepping randomly (stuck).
  2418 | D:2      | 2418 ||| Stepping randomly (stuck).
  2419 | D:2      | 2419 ||| Stepping randomly (stuck).
  2420 | D:2      | 2420 ||| Stepping randomly (stuck).
  2421 | D:2      | 2421 ||| Stepping randomly (stuck).
  2422 | D:2      | 2422 ||| Stepping randomly (stuck).
  2423 | D:2      | 2423 ||| Stepping randomly (stuck).
  2424 | D:2      | 2424 ||| Stepping randomly (stuck).
  2425 | D:2      | 2425 ||| Stepping randomly (stuck).
  2426 | D:2      | 2426 ||| Stepping randomly (stuck).
  2427 | D:2      | 2427 ||| Stepping randomly (stuck).
  2428 | D:2      | 2428 ||| Stepping randomly (stuck).
  2429 | D:2      | 2429 ||| Stepping randomly (stuck).
  2430 | D:2      | 2430 ||| Stepping randomly (stuck).
  2431 | D:2      | 2431 ||| Stepping randomly (stuck).
  2432 | D:2      | 2432 ||| Stepping randomly (stuck).
  2433 | D:2      | 2433 ||| Stepping randomly (stuck).
  2434 | D:2      | 2434 ||| Stepping randomly (stuck).
  2435 | D:2      | 2435 ||| Stepping randomly (stuck).
  2436 | D:2      | 2436 ||| Stepping randomly (stuck).
  2437 | D:2      | 2437 ||| Stepping randomly (stuck).
  2438 | D:2      | 2438 ||| Stepping randomly (stuck).
  2439 | D:2      | 2439 ||| Stepping randomly (stuck).
  2440 | D:2      | 2440 ||| Stepping randomly (stuck).
  2441 | D:2      | 2441 ||| Stepping randomly (stuck).
  2442 | D:2      | 2442 ||| Stepping randomly (stuck).
  2443 | D:2      | 2443 ||| Stepping randomly (stuck).
  2444 | D:2      | 2444 ||| Stepping randomly (stuck).
  2445 | D:2      | 2445 ||| Stepping randomly (stuck).
  2446 | D:2      | 2446 ||| Stepping randomly (stuck).
  2447 | D:2      | 2447 ||| Stepping randomly (stuck).
  2448 | D:2      | 2448 ||| Stepping randomly (stuck).
  2449 | D:2      | 2449 ||| Stepping randomly (stuck).
  2450 | D:2      | 2450 ||| Stepping randomly (stuck).
  2451 | D:2      | 2451 ||| Stepping randomly (stuck).
  2452 | D:2      | 2452 ||| Stepping randomly (stuck).
  2453 | D:2      | 2453 ||| Stepping randomly (stuck).
  2454 | D:2      | 2454 ||| Stepping randomly (stuck).
  2455 | D:2      | 2455 ||| Stepping randomly (stuck).
  2456 | D:2      | 2456 ||| Stepping randomly (stuck).
  2457 | D:2      | 2457 ||| Stepping randomly (stuck).
  2458 | D:2      | 2458 ||| Stepping randomly (stuck).
  2459 | D:2      | 2459 ||| Stepping randomly (stuck).
  2460 | D:2      | 2460 ||| Stepping randomly (stuck).
  2461 | D:2      | 2461 ||| Stepping randomly (stuck).
  2462 | D:2      | 2462 ||| Stepping randomly (stuck).
  2463 | D:2      | 2463 ||| Stepping randomly (stuck).
  2464 | D:2      | 2464 ||| Stepping randomly (stuck).
  2465 | D:2      | 2465 ||| Stepping randomly (stuck).
  2715 | D:2      | 2715 ||| INVOKING Fiery Armour.
  2716 | D:2      | Gained mutation: Your touch may inflict minor irresistible
                  | damage on your foes. [demonic ancestry]
  2716 | D:2      | Reached XP level 4. HP: 14/35 MP: 5/5
  3071 | D:2      | 3071 ||| Stepping ~*~*~tactically~*~*~ (stealth).
  3072 | D:2      | 3072 ||| Stepping ~*~*~tactically~*~*~ (stealth).
  3075 | D:2      | 3075 ||| INVOKING Fiery Armour.
  3077 | D:2      | 3077 ||| Stepping ~*~*~tactically~*~*~ (hiding).
  3084 | D:2      | Reached skill level 5 in Axes
  3084 | D:2      | Reached XP level 5. HP: 10/41 MP: 6/6
  3653 | D:2      | 3653 ||| Stepping ~*~*~tactically~*~*~ (hiding).
  3654 | D:2      | 3654 ||| Stepping ~*~*~tactically~*~*~ (hiding).
  3739 | D:2      | 3739 ||| DROPPING +6 ring of intelligence.
  3740 | D:2      | 3740 ||| DROPPING ring of wizardry.
  3741 | D:2      | 3741 ||| READING 2 scrolls labelled JUTACE LA WICU.
  3742 | D:2      | 3742 ||| READING 5 scrolls of identify.
  3742 | D:2      | 3742 ||| IDENTIFYING green potion
  3743 | D:2      | 3743 ||| READING 4 scrolls of identify.
  3743 | D:2      | 3743 ||| IDENTIFYING amethyst potion
  3744 | D:2      | 3744 ||| DROPPING scroll of amnesia.
  3745 | D:2      | 3745 ||| DROPPING potion of berserk rage.
  3778 | D:3      | Found a faded altar of an unknown god.
  3879 | D:3      | 3879 ||| Stepping ~*~*~tactically~*~*~ (hiding).
  3981 | D:3      | 3981 ||| FLEEEEING.
  3991 | D:3      | 3991 ||| Stepping ~*~*~tactically~*~*~ (hiding).
  4067 | D:3      | Found a burning altar of Makhleb.
  4245 | D:3      | 4245 ||| INVOKING Fiery Armour.
  4246 | D:3      | HP: 10/41 [orc/+0 club (1)]
  4248 | D:3      | HP: 4/41 [orc/+0 club (3)]
  4249 | D:3      | 4249 ||| DRINKING potion of curing.
  4249 | D:3      | 4249 ||| (to cure poison)
  4489 | D:3      | 4489 ||| Stepping ~*~*~tactically~*~*~ (stealth).
  4507 | D:3      | 4507 ||| Stepping ~*~*~tactically~*~*~ (stealth).
  4508 | D:3      | 4508 ||| Stepping ~*~*~tactically~*~*~ (stealth).
  4509 | D:3      | 4509 ||| Stepping ~*~*~tactically~*~*~ (stealth).
  4510 | D:3      | 4510 ||| Stepping ~*~*~tactically~*~*~ (stealth).
  4513 | D:3      | 4513 ||| Stepping ~*~*~tactically~*~*~ (stealth).
  4514 | D:3      | 4514 ||| Stepping ~*~*~tactically~*~*~ (stealth).
  4526 | D:3      | 4526 ||| Stepping ~*~*~tactically~*~*~ (stealth).
  4554 | D:3      | 4554 ||| Stepping ~*~*~tactically~*~*~ (stealth).
  4957 | D:3      | Found a shimmering altar of Xom.
  4958 | D:3      | Found a shimmering altar of Xom.
  4959 | D:3      | Found a shimmering altar of Xom.
  4961 | D:3      | Found a shimmering altar of Xom.
  4962 | D:3      | Found a shimmering altar of Xom.
  4962 | D:3      | Found a shimmering altar of Xom.
  5015 | D:3      | 5015 ||| Stepping ~*~*~tactically~*~*~ (stealth).
  5018 | D:3      | 5018 ||| Stepping ~*~*~tactically~*~*~ (stealth).
  5019 | D:3      | 5019 ||| Stepping ~*~*~tactically~*~*~ (stealth).
  5023 | D:3      | 5023 ||| Stepping ~*~*~tactically~*~*~ (stealth).
  5031 | D:3      | 5031 ||| INVOKING Fiery Armour.
  5068 | D:3      | 5068 ||| Stepping ~*~*~tactically~*~*~ (stealth).
  5413 | D:3      | 5413 ||| INVOKING Fiery Armour.
  5605 | D:3      | 5605 ||| UPGRADING to +0 scale mail.
  5615 | D:3      | 5615 ||| DROPPING +0 robe.
  5619 | D:3      | 5619 ||| UPGRADING to +0 chain mail.
  5629 | D:3      | 5629 ||| DROPPING +0 scale mail.
  5645 | D:3      | 5645 ||| INVOKING Fiery Armour.
  5669 | D:3      | Reached skill level 1 in Armour
  5669 | D:3      | Reached XP level 6. HP: 47/47 MP: 7/7
  5882 | D:3      | 5882 ||| FLEEEEING.
  5883 | D:3      | 5883 ||| FLEEEEING.
  5886 | D:3      | 5886 ||| FLEEEEING.
  5891 | D:3      | 5891 ||| FLEEEEING.
  5896 | D:3      | 5896 ||| FLEEEEING.
  5897 | D:3      | 5897 ||| FLEEEEING.
  5901 | D:3      | 5901 ||| FLEEEEING.
  5902 | D:3      | 5902 ||| FLEEEEING.
  5904 | D:3      | 5904 ||| STAIRDANCE
  5935 | D:2      | 5935 ||| READING scroll labelled UFOACLO IXZEQ.
  5936 | D:2      | 5936 ||| READING 3 scrolls labelled YTHOACZ UXKETO.
  5937 | D:2      | 5937 ||| READING 2 scrolls of enchant weapon.
  5937 | D:2      | 5937 ||| ENCHANTING +1 war axe.
  5938 | D:2      | 5938 ||| READING scroll of enchant weapon.
  5938 | D:2      | 5938 ||| ENCHANTING +2 war axe.
  5939 | D:2      | 5939 ||| READING scroll labelled TAIWKA UGOUF.
  5940 | D:2      | 5940 ||| READING scroll labelled WUARIF WATOPEX.
  5941 | D:2      | 5941 ||| DRINKING 2 coppery potions.
  5942 | D:2      | 5942 ||| DRINKING 2 golden potions.
  5943 | D:2      | 5943 ||| DRINKING 2 ruby potions.
  5985 | D:2      | 5985 ||| READING 3 scrolls of identify.
  5985 | D:2      | 5985 ||| IDENTIFYING blue potion
  5986 | D:2      | 5986 ||| READING 2 scrolls of identify.
  5986 | D:2      | 5986 ||| IDENTIFYING puce potion
  5987 | D:2      | 5987 ||| DROPPING potion of degeneration.
  5988 | D:2      | 5988 ||| DROPPING potion of flight.
  5989 | D:2      | 5989 ||| DROPPING potion of lignification.
  6014 | D:3      | Reached skill level 6 in Axes
  6257 | D:4      | 6257 ||| STAIRDANCE
  6309 | D:4      | 6309 ||| Stepping ~*~*~tactically~*~*~ (hiding).
  6383 | D:4      | Noticed Sigmund
  6389 | D:4      | Killed Sigmund
  6390 | D:4      | Reached skill level 3 in Armour
  6514 | D:4      | Noticed Duvessa
  6526 | D:4      | Killed Duvessa
  6527 | D:4      | Gained mutation: A weak demonic guardian rushes to your
                  | aid. [demonic ancestry]
  6527 | D:4      | Reached XP level 7. HP: 34/54 MP: 8/8
  6531 | D:4      | Noticed Dowan
  6532 | D:4      | 6532 ||| FLEEEEING.
  6538 | D:4      | 6538 ||| STAIRDANCE
  6634 | D:3      | 6634 ||| DROPPING scarf of harm.
  6635 | D:3      | 6635 ||| READING scroll labelled ALANA FUBI.
  6651 | D:4      | Killed from afar by Dowan

Levels and vault maps discovered:
D:1:      scummos_arrival_simple_crosswalls, layout_loops_corners, serial_shops,
          shop, nicolae_concentric_dashed_squares_mild
D:2:      cheibrodos_pilgrimage, layout_basic, hangedman_decor_points,
          minmay_ruptured
D:3:      minmay_octagon_keep, layout_loops_corners, marbit_many_paths,
          xom_redecorated, nicolae_ecumenical_oubliette,
          minmay_misc_feat_enclosed, amethyst_killhole, minmay_joined_circles
D:4:      minmay_opposing_rooms, layout_loops_ring,
          nicolae_dithmenos_shadow_blocks, minmay_temple_entry_statues,
          serial_shops, shop, kennysheep_little_box, shop,
          nicolae_shop_hallway_stairs, nicolae_take_the_stairs, uniq_duvessa,
          uniq_sigmund, uniq_grinder

Skill      XL: |  1  2  3  4  5  6 |
---------------+-------------------+-----
Axes           | 3 4 5 6 |  6.0
Dodging        | 1 |  1.0
Armour         | 1 3 |  3.1
Fighting       | 4 |  4.2
Spellcasting   | |  1.0
Fire Magic     | |  2.6

Action                   |  1- 3 |  4- 6 |  7- 9 || total
-------------------------+-------+-------+-------++-------
Melee: Hand axe          |   109 |       |       ||   109
       War axe           |    32 |   128 |     6 ||   166
       Punch             |     1 |     1 |     1 ||     3
       Touch             |       |    13 |       ||    13
Throw: Boomerang         |       |    42 |       ||    42
Invok: Fiery Armour      |     2 |     5 |       ||     7
  Use: Scroll            |     2 |    11 |     1 ||    14
       Potion            |     1 |     4 |       ||     5
Armor: Robe              |    36 |    11 |       ||    47
       Chain mail        |       |    22 |     3 ||    25
Dodge: Dodged            |    77 |    78 |     3 ||   158

Table legend:
 A = Non-vault XP
 B = Vault XP
 C = Vault XP percentage of total XP
 D = Non-vault monster count
 E = Vault monster count
 F = Vault count percentage of total count
                 A         B        C        D         E       F
            +---------+---------+-------+---------+---------+-------
      Total |     290 |     547 |  65.4 |      64 |      38 |  37.3
            +---------+---------+-------+---------+---------+-------
        D:1 |      33 |       0 |   0.0 |      18 |       0 |   0.0
        D:2 |     100 |      88 |  46.8 |      21 |       8 |  27.6
        D:3 |      94 |     111 |  54.1 |      21 |      28 |  57.1
        D:4 |      63 |     348 |  84.7 |       4 |       2 |  33.3
            +---------+---------+-------+---------+---------+-------
